 Dungeon Crawl Stone Soup version 0.24.0-41-g2ae2f7f1be (webtiles) character file.

Game seed: 4826053191564715767, levelgen mode: deterministic

468 ReteAZ the Shield-Bearer (level 7, 0/44 HPs)
             Began as a Gargoyle Fighter on Dec 14, 2019.
             Was a Follower of Okawaru.
             Slain by a hornet zombie (8 damage)
             ... on level 5 of the Dungeon.
             The game lasted 00:04:52 (2375 turns).

ReteAZ the Shield-Bearer (Gargoyle Fighter)         Turns: 2375, Time: 00:04:53

Health: 0/44       AC: 14    Str: 22    XL:     7   Next: 8%
Magic:  7/7        EV:  5    Int:  8    God:    Okawaru [*.....]
Gold:   52         SH: 16    Dex:  9    Spells: 6/6 levels left

rFire    . . .     SeeInvis .   a - +0 war axe
rCold    . . .     Gourm    .   y - +2 large shield
rNeg     + . .     Faith    .   b - +0 scale mail
rPois    ∞         Spirit   .   B - +0 helmet
rElec    +         Reflect  .   l - +0 cloak
rCorr    .         Harm     .   (no gloves)
MR       .....                  (no boots)
Stlth    ..........             (no amulet)
HPRegen  0.14/turn              (no ring)
MPRegen  0.10/turn              (no ring)

@: no status effects
A: negative energy resistance 1, electricity resistance, unbreathing,
petrification resistance, rot immunity, AC +4
a: Heroism, Renounce Religion


You were on level 5 of the Dungeon.
You worshipped Okawaru.
Okawaru was aware of your devotion.
You were not hungry.

You visited 1 branch of the dungeon, and saw 5 of its levels.

You collected 148 gold pieces.
You spent 96 gold pieces at shops.

Inventory:

Hand Weapons
 a - a +0 war axe (weapon)
Missiles
 u - 14 poisoned darts (quivered)
Armour
 b - a +0 scale mail (worn)
 c - a +0 shield
 l - a +0 cloak (worn)
 y - a +2 large shield (worn)
 B - a +0 helmet (worn)
Scrolls
 e - a scroll of fog {unknown}
 i - 3 scrolls of identify {unknown}
 m - a scroll of enchant weapon {unknown}
 o - 3 scrolls of magic mapping {unknown}
 p - 5 scrolls of enchant armour {unknown}
 q - a scroll of amnesia {unknown}
 s - 5 scrolls of teleportation {unknown}
 v - 2 scrolls of remove curse {unknown}
 x - a scroll of noise {unknown}
 C - a scroll of immolation {unknown}
Potions
 d - a potion of might
 g - 2 potions of lignification {unknown}
 h - 3 potions of ambrosia {unknown}
 j - a potion of degeneration {unknown}
 k - a potion of resistance {unknown}
 n - 3 potions of cancellation {unknown}
 r - 2 potions of curing
 t - 3 potions of heal wounds
 w - a potion of agility {unknown}
 z - a potion of haste {unknown}
Comestibles
 f - 2 rations
 A - 2 chunks of flesh


   Skills:
 + Level 4.7 Fighting
 * Level 4.4 Axes
 + Level 4.8 Armour
 + Level 4.8 Shields


You had 6 spell levels left.
You didn't know any spells.
Your spell library was empty.

Dungeon Overview and Level Annotations

Branches:
Dungeon (5/15)
 Temple: D:4-7

Altars:
Gozag
Okawaru
Trog
The Shining One

Shops:
D:4 !   D:5 }


Innate Abilities, Weirdness & Mutations

You are resistant to torment.
Your stone body is resilient. (AC +4)
You are immune to poison.
You resist negative energy. (rN+)
You are resistant to electric shocks. (rElec)
You can survive without breathing.
You are immune to petrification.
You are immune to rotting.


Message History

* * * LOW HITPOINT WARNING * * *
You barely miss the hornet zombie.
The hornet zombie is severely damaged.
You block the hornet zombie's attack.
The hornet zombie hits you but does no damage.
You closely miss the hornet zombie.
The hornet zombie is severely damaged.
The hornet zombie barely misses you.
The hornet zombie hits you but does no damage.
You barely miss the hornet zombie.
The hornet zombie is severely damaged.
You block the hornet zombie's attack. x2
You hit the hornet zombie but do no damage.
The hornet zombie is severely damaged.
You block the hornet zombie's attack.
The hornet zombie hits you but does no damage.
Your shield and scale mail prevent you from hitting the hornet zombie.
The hornet zombie is severely damaged.
You block the hornet zombie's attack. The hornet zombie hits you!
You die...

....#............#.......#
###.#....................#
..#.#....................#
....#....................#
....#....................#
....#..............#.....#
....#......#.......#######
....# ......(....# ....#
.......@...# ....
...#####Z..# ....
#####...## ..........#
##........# ..........#
.....###.... ..... #......
..... .........


You could see a hornet zombie.

Vanquished Creatures
  A sky beast (D:3)
  A scorpion (D:4)
  A howler monkey (D:4)
  A crimson imp (D:5)
  An orc priest (D:4)
  A centaur skeleton (D:3)
  A killer bee zombie (D:5)
  Robin (D:4)
  4 adders
  2 shadow imps (D:5)
  2 oozes (D:2)
  A worm (D:2)
  5 dart slugs
  7 leopard geckos
  3 orcs
  6 giant cockroaches
  15 goblins
  14 hobgoblins
  4 kobolds
  A quokka (D:5)
  2 ball pythons (D:1)
  4 bats
  2 frilled lizards
  2 leopard gecko skeletons
  A quokka skeleton (D:4)
  6 rats
89 creatures vanquished.

Notes
Turn   | Place    | Note
-------+----------+-------------------------------------------
     0 | D:1      | ReteAZ the Gargoyle Fighter began the quest for the Orb.
     0 | D:1      | Reached XP level 1. HP: 14/14 MP: 1/1
   165 | D:1      | Reached XP level 2. HP: 17/19 MP: 2/2
   394 | D:1      | Reached XP level 3. HP: 23/23 MP: 3/3
   877 | D:2      | Found a glowing golden altar of the Shining One.
   877 | D:2      | Found a bloodstained altar of Trog.
   942 | D:2      | Reached XP level 4. HP: 21/29 MP: 4/4
   990 | D:2      | Found an iron altar of Okawaru.
  1009 | D:2      | Found an opulent altar of Gozag.
  1355 | D:2      | Became a worshipper of Warmaster Okawaru
  1510 | D:3      | Reached XP level 5. HP: 33/33 MP: 5/5
  1578 | D:3      | Noticed a sky beast
  1611 | D:3      | Killed a sky beast
  1756 | D:3      | Reached XP level 6. HP: 35/38 MP: 6/6
  2105 | D:4      | Noticed Robin
  2108 | D:4      | Killed Robin
  2116 | D:4      | Reached * piety under Okawaru
  2137 | D:4      | Found Ximaunae's Distillery.
  2146 | D:4      | Bought a potion of curing for 36 gold pieces
  2146 | D:4      | Bought a potion of heal wounds for 60 gold pieces
  2181 | D:4      | Noticed a phantom
  2239 | D:5      | Entered Level 5 of the Dungeon
  2239 | D:5      | Found Xecovoa's Gadget Boutique.
  2322 | D:5      | Reached XP level 7. HP: 43/44 MP: 7/7
  2375 | D:5      | Slain by a hornet zombie

Levels and vault maps discovered:
D:1:      sevenhm_arrival_forest_fort_large_2, layout_loops_ring
D:2:      layout_rooms, gammafunk_temple_overflow_wave,
          nicolae_overflow_hidden_temple
D:3:      layout_basic, minmay_strange_pillars
D:4:      layout_basic, zin_treasury, minmay_temple_entry_drinking_statues,
          first_ration, serial_shops, shop, okawaru_altar_gauntlet_db,
          uniq_robin
D:5:      layout_basic, serial_shops, shop, shop, nicolae_shop_waterfront

Skill      XL: |  1  2  3  4  5  6 |
---------------+-------------------+-----
Axes           | 2 3 4 |  4.4
Fighting       | 4 |  4.7
Armour         | 4 |  4.8
Shields        | 4 |  4.8

Action                   |  1- 3 |  4- 6 |  7- 9 || total
-------------------------+-------+-------+-------++-------
Melee: War axe           |   128 |   224 |    21 ||   373
Throw: Dart              |       |     2 |       ||     2
  Eat: Chunk             |       |     5 |     1 ||     6
Armor: Scale mail        |    76 |   110 |     8 ||   194
Dodge: Dodged            |    41 |    32 |     4 ||    77
Block: Shield            |    68 |    41 |       ||   109
       Large shield      |       |   126 |    21 ||   147
